[ AOE2 MATCH · #505209012 ]
UnrankedBritons vs Armenians
Player's team · WIN
Rival team · LOSS
[ REPLAY ANALYSIS · EXTRACTED FROM THE RECORDED GAME ]
Feudal
8:28
Castle
—
Imperial
—
| APM avg | 59.5 |
| APM peak | 97 |
| eAPM avg | 22.7 |
| Villagers / military | 42 / 20 |
Focus
⚔️ 45.6% · 🌾 54.4%
Archer ×15 · Scout Cavalry ×5
Feudal
10:01
Castle
—
Imperial
—
| APM avg | 58.6 |
| APM peak | 83 |
| eAPM avg | 28.0 |
| Villagers / military | 44 / 20 |
Focus
⚔️ 35.1% · 🌾 64.9%
Skirmisher ×13 · Militia ×6 · Spearman ×1
Match map
Initial resources + every placement click. Lines = walls · curves = elevation contours. ◆ gold · ⬟ stone · ● berries · ✦ relic · ◌ wall gap
Your base· Open — unwalled flank
Jayklops's base· Open — 9t gap
Smoothed initial terrain · ◌ = detected wall gap · hover for details
Inputs per minute
— SY_Msfu - - Jayklops
Build order — SY_Msfu
114 actions detected in the replay
| 0:01 | Create | Villager (Male) |
| 0:02 | Build | House |
| 0:02 | Build | House |
| 0:14 | Create | Villager (Male) |
| 0:14 | Create | Villager (Male) |
| 0:15 | Create | Villager (Male) |
| 1:17 | Create | Villager (Male) |
| 1:36 | Create | Villager (Male) |
| 2:04 | Build | Lumber Camp |
| 2:07 | Build | Lumber Camp |
| 2:08 | Create | Villager (Male) |
| 2:29 | Create | Villager (Male) |
| 2:29 | Create | Villager (Male) |
| 2:38 | Create | Villager (Male) |
| 3:05 | Create | Villager (Male) |
| 3:28 | Create | Villager (Male) |
| 3:29 | Create | Villager (Male) |
| 3:35 | Create | Villager (Male) |
| 4:02 | Build | House |
| 5:03 | Create | Villager (Male) |
| 5:03 | Create | Villager (Male) |
| 5:03 | Create | Villager (Male) |
| 5:03 | Create | Villager (Male) |
| 5:12 | Build | Mining Camp |
| 6:11 | Research | Feudal Age |
| 6:47 | Research | Loom |
| 6:47 | Create | Villager (Male) |
| 7:33 | Build | Barracks |
| 7:42 | Build | House |
| 7:43 | Build | Palisade Wall |
| 7:44 | Build | Palisade Wall |
| 8:26 | Build | House |
| 8:28 | Age | Feudal Age |
| 8:44 | Build | Archery Range |
| 8:54 | Research | Double-Bit Axe |
| 8:54 | Research | Double-Bit Axe |
| 8:54 | Create | Villager (Male) |
| 9:05 | Build | House |
| 9:25 | Create | Archer |
| 9:37 | Build | House |
| 9:40 | Create | Villager (Male) |
| 9:43 | Create | Archer |
| 9:55 | Build | Blacksmith |
| 10:07 | Create | Villager (Male) |
| 10:09 | Create | Archer |
| 10:28 | Build | Palisade Wall |
| 10:31 | Create | Villager (Male) |
| 10:35 | Build | Palisade Wall |
| 10:40 | Create | Archer |
| 10:40 | Create | Villager (Male) |
| 10:58 | Build | Palisade Wall |
| 10:59 | Build | Palisade Wall |
| 11:12 | Build | House |
| 11:15 | Create | Villager (Male) |
| 11:24 | Build | House |
| 11:36 | Build | Stable |
| 11:39 | Create | Archer |
| 11:42 | Research | Fletching |
| 11:42 | Create | Villager (Male) |
| 12:00 | Create | Villager (Male) |
| 12:04 | Build | Mill |
| 12:14 | Create | Archer |
| 12:24 | Create | Archer |
| 12:31 | Create | Villager (Male) |
| 12:46 | Create | Scout Cavalry |
| 12:47 | Create | Archer |
| 12:57 | Create | Archer |
| 12:58 | Create | Villager (Male) |
| 13:10 | Build | House |
| 13:29 | Create | Villager (Male) |
| 13:30 | Create | Archer |
| 13:32 | Create | Scout Cavalry |
| 13:33 | Create | Villager (Male) |
| 13:47 | Create | Villager (Male) |
| 13:49 | Build | Farm |
| 13:50 | Build | Farm |
| 13:50 | Build | Farm |
| 13:50 | Build | Farm |
| 13:50 | Build | Farm |
| 13:51 | Build | Farm |
| 14:20 | Create | Villager (Male) |
| 14:24 | Create | Archer |
| 14:25 | Create | Villager (Male) |
| 14:30 | Build | Farm |
| 14:36 | Create | Scout Cavalry |
| 14:43 | Build | Farm |
| 14:46 | Build | House |
| 14:58 | Create | Archer |
| 15:02 | Build | Farm |
| 15:02 | Build | Farm |
| 15:02 | Build | Farm |
| 15:12 | Create | Scout Cavalry |
| 15:27 | Create | Villager (Male) |
| 15:42 | Create | Archer |
| 15:42 | Create | Villager (Male) |
| 15:48 | Build | House |
| 15:52 | Build | Farm |
| 15:58 | Create | Archer |
| 15:59 | Create | Scout Cavalry |
| 16:04 | Create | Villager (Male) |
| 16:15 | Create | Archer |
| 16:18 | Build | Farm |
| 16:19 | Build | Farm |
| 16:31 | Create | Villager (Male) |
| 16:33 | Build | House |
| 16:36 | Build | Farm |
| 16:58 | Create | Villager (Male) |
| 17:25 | Create | Villager (Male) |
| 17:30 | Build | Market |
| 17:55 | Create | Villager (Male) |
| 18:38 | Research | Castle Age |
| 18:45 | Build | Archery Range |
| 18:58 | Create | Villager (Male) |
| 19:13 | Build | Lumber Camp |
Build order — Jayklops
124 actions detected in the replay
| 0:01 | Create | Villager (Male) |
| 0:02 | Build | House |
| 0:03 | Build | House |
| 0:21 | Create | Villager (Male) |
| 0:22 | Create | Villager (Male) |
| 0:31 | Create | Villager (Male) |
| 0:31 | Create | Villager (Male) |
| 1:24 | Create | Villager (Male) |
| 1:24 | Create | Villager (Male) |
| 1:45 | Build | Mule Cart |
| 1:50 | Create | Villager (Male) |
| 2:15 | Create | Villager (Male) |
| 2:49 | Create | Villager (Male) |
| 3:14 | Create | Villager (Male) |
| 3:34 | Create | Villager (Male) |
| 3:54 | Create | Villager (Male) |
| 4:04 | Build | House |
| 4:31 | Create | Villager (Male) |
| 4:31 | Create | Villager (Male) |
| 4:48 | Build | Barracks |
| 4:52 | Create | Villager (Male) |
| 5:06 | Build | House |
| 5:19 | Create | Villager (Male) |
| 5:50 | Create | Villager (Male) |
| 5:52 | Create | Militia |
| 6:16 | Create | Militia |
| 6:18 | Build | House |
| 6:32 | Create | Villager (Male) |
| 6:37 | Create | Militia |
| 7:18 | Research | Loom |
| 7:24 | Create | Villager (Male) |
| 7:51 | Research | Feudal Age |
| 7:51 | Research | Feudal Age |
| 7:59 | Build | Mill |
| 9:28 | Build | House |
| 9:41 | Build | Palisade Wall |
| 10:01 | Age | Feudal Age |
| 10:03 | Build | Archery Range |
| 10:05 | Build | Palisade Wall |
| 10:12 | Create | Villager (Male) |
| 10:13 | Research | Gold Mining |
| 10:16 | Research | Double-Bit Axe |
| 10:18 | Research | Horse Collar |
| 10:21 | Research | Man-at-Arms (upgrade) |
| 10:52 | Create | Villager (Male) |
| 11:07 | Create | Villager (Male) |
| 11:16 | Create | Skirmisher |
| 11:24 | Build | Farm |
| 11:24 | Build | Farm |
| 11:30 | Build | House |
| 11:30 | Build | House |
| 11:35 | Create | Skirmisher |
| 11:36 | Create | Villager (Male) |
| 11:46 | Build | Palisade Wall |
| 11:49 | Build | Palisade Wall |
| 11:54 | Build | House |
| 12:03 | Create | Skirmisher |
| 12:06 | Create | Militia |
| 12:10 | Create | Villager (Male) |
| 12:27 | Build | Palisade Wall |
| 12:32 | Build | Palisade Wall |
| 12:33 | Build | Palisade Wall |
| 12:35 | Build | Palisade Wall |
| 12:39 | Create | Villager (Male) |
| 13:05 | Create | Villager (Male) |
| 13:06 | Create | Skirmisher |
| 13:15 | Build | Blacksmith |
| 13:16 | Create | Villager (Male) |
| 13:27 | Create | Skirmisher |
| 13:42 | Create | Villager (Male) |
| 13:48 | Build | Farm |
| 13:49 | Build | Farm |
| 14:03 | Build | Palisade Wall |
| 14:09 | Build | Palisade Wall |
| 14:09 | Build | Palisade Wall |
| 14:11 | Build | Palisade Wall |
| 14:12 | Build | Palisade Wall |
| 14:34 | Create | Villager (Male) |
| 14:35 | Create | Militia |
| 14:36 | Create | Villager (Male) |
| 14:38 | Build | Farm |
| 14:38 | Build | Farm |
| 14:40 | Build | Farm |
| 14:45 | Build | Farm |
| 14:49 | Research | Padded Archer Armor |
| 14:51 | Research | Fletching |
| 14:52 | Research | Fletching |
| 14:52 | Create | Villager (Male) |
| 14:59 | Create | Skirmisher |
| 15:05 | Build | Mule Cart |
| 15:31 | Create | Villager (Male) |
| 15:39 | Create | Skirmisher |
| 15:40 | Create | Militia |
| 15:44 | Create | Spearman |
| 15:49 | Build | Watch Tower |
| 15:58 | Build | Farm |
| 16:01 | Build | House |
| 16:07 | Create | Villager (Male) |
| 16:24 | Create | Villager (Male) |
| 16:27 | Create | Villager (Male) |
| 16:43 | Create | Villager (Male) |
| 16:44 | Create | Skirmisher |
| 17:01 | Create | Skirmisher |
| 17:05 | Create | Skirmisher |
| 17:17 | Create | Villager (Male) |
| 17:24 | Create | Villager (Male) |
| 17:30 | Build | Mule Cart |
| 17:33 | Build | Farm |
| 17:34 | Build | Farm |
| 17:35 | Build | Farm |
| 17:36 | Build | Farm |
| 17:38 | Create | Villager (Male) |
| 18:01 | Build | Farm |
| 18:04 | Create | Villager (Male) |
| 18:06 | Create | Skirmisher |
| 18:31 | Create | Villager (Male) |
| 18:32 | Create | Skirmisher |
| 18:36 | Build | Farm |
| 18:37 | Build | Farm |
| 18:57 | Create | Villager (Male) |
| 19:06 | Build | Farm |
| 19:07 | Build | Farm |
| 19:13 | Create | Villager (Male) |
| 19:13 | Create | Skirmisher |
Match timeline
| 4:48 | Jayklops · first_building Barracks |
| 7:33 | SY_Msfu · first_building Barracks |
| 7:43 | SY_Msfu · wall_segment Palisade Wall x1 |
| 7:44 | SY_Msfu · wall_segment Palisade Wall x1 |
| 8:28 | SY_Msfu · age_up feudal |
| 8:44 | SY_Msfu · first_building Archery Range |
| 9:41 | Jayklops · wall_segment Palisade Wall x4 |
| 10:01 | Jayklops · age_up feudal |
| 10:03 | Jayklops · first_building Archery Range |
| 10:05 | Jayklops · wall_segment Palisade Wall x1 |
| 10:28 | SY_Msfu · wall_segment Palisade Wall x8 |
| 10:35 | SY_Msfu · wall_segment Palisade Wall x1 |
| 10:58 | SY_Msfu · wall_segment Palisade Wall x5 |
| 10:59 | SY_Msfu · wall_segment Palisade Wall x1 |
| 11:36 | SY_Msfu · first_building Stable |
| 11:46 | Jayklops · wall_segment Palisade Wall x1 |
| 11:49 | Jayklops · wall_segment Palisade Wall x12 |
| 12:27 | Jayklops · wall_segment Palisade Wall x7 |
| 12:32 | Jayklops · wall_segment Palisade Wall x1 |
| 12:33 | Jayklops · wall_segment Palisade Wall x1 |
| 12:35 | Jayklops · wall_segment Palisade Wall x1 |
| 14:03 | Jayklops · wall_segment Palisade Wall x1 |
| 14:09 | Jayklops · wall_segment Palisade Wall x1 |
| 14:09 | Jayklops · wall_segment Palisade Wall x1 |
| 14:11 | Jayklops · wall_segment Palisade Wall x1 |
| 14:12 | Jayklops · wall_segment Palisade Wall x1 |
| 18:34 | SY_Msfu · first_market_buy 100 food |
| 18:38 | SY_Msfu · first_market_sell 100 wood |
| 19:30 | Jayklops · resign |
[ AI ANALYSIS · 1 CREDIT ]
What really happened in this match?
Wolo.gg analyzes every decision: build order, eco, micro, common mistakes by bracket. Personalized analysis on WhatsApp or Discord in 30 seconds.
Civ guide
Britons
Perfil
Jugador #2074094